 Dungeon Crawl Stone Soup version 0.30-a0-341-g682706514a (webtiles) character file.

Game seed: 9871597384053578824

2056 rj54x the Grappler (level 9, -1/120 HPs)
             Began as a Troll Berserker on May 19, 2022.
             Was a Priest of Trog.
             Slain by Menkaure (15 damage)
             ... on level 5 of the Dungeon on Nov 5, 2022.
             The game lasted 00:19:06 (3436 turns).

rj54x the Grappler (Troll Berserker)                Turns: 3436, Time: 00:19:06

Health: -1/120     AC:  4    Str: 33    XL:     9   Next: 5%
Magic:  8/8        EV: 10    Int:  5    God:    Trog [***...]
Gold:   394        SH:  0    Dex: 11    Spells: 8/8 levels left

rFire   + . .      SeeInvis .      - Unarmed
rCold   + . .      Faith    .    (no shield)
rNeg    . . .      Spirit   .    a - +0 animal skin
rPois   .          Reflect  .    (helmet restricted)
rElec   .          Harm     .    e - scarf {rC+ rF+}
rCorr   .          Rampage  .    (gloves unavailable)
Will    .....                    (boots unavailable)
Stlth   ..........               (no amulet)
HPRegen 1.20/turn                j - ring of flight
MPRegen 0.11/turn                s - +6 ring of strength

@: berserking, flying, very quick
A: large, unfitting armour, claws 3, regeneration 1, shaggy fur 1, tough skin 1
a: Renounce Religion, Berserk, Trog's Hand


You were on level 5 of the Dungeon.
You worshipped Trog.
Trog was most pleased with you.
You visited 1 branch of the dungeon, and saw 5 of its levels.

You collected 394 gold pieces.

Inventory:

Hand Weapons
 u - a +0 giant spiked club
Missiles
 d - 120 stones (quivered)
Armour
 a - a +0 animal skin (worn)
 e - a scarf of resistance (worn)
 n - the +0 buckler "Rihuiqan" {+Blink}
   (You found it on level 3 of the Dungeon)

   +Blink:    It lets you blink.
Jewellery
 j - a ring of flight (left claw)
 s - a +6 ring of strength (right claw)
 v - a ring of fire
Wands
 b - a wand of roots (2)
 l - a wand of charming (12)
 q - a wand of flame (8)
Scrolls
 c - a scroll of identify
 g - a scroll of teleportation
 h - 3 scrolls of immolation
 o - a scroll of poison
Potions
 f - 4 potions of curing
 i - a potion of magic
 k - a potion of flight {unknown}
 m - 2 potions of heal wounds {unknown}
 p - a potion of cancellation
 r - a potion of resistance {unknown}
 t - a potion of might {unknown}
 w - a potion of invisibility {unknown}


   Skills:
 - Level 2.4 Fighting
 - Level 2.4 Dodging
 + Level 12.2 Unarmed Combat


You had 8 spell levels left.
You didn't know any spells.
Your spell library was empty.

Dungeon Overview and Level Annotations

Branches:
Dungeon (5/15)
 Temple: D:4-7

Altars:
Sif Muna

Shops:
D:1 [

Annotations:
D:5 Menkaure


Innate Abilities, Weirdness & Mutations

You are too large for most types of armour.
You have claws for hands.
Your natural rate of healing is unusually fast.
You are covered in fur. (AC +1)
You have tough skin. (AC +1)


Message History

You claw the jelly!
Your claws burn!
The jelly is almost dead.
The jelly closely misses you.
You mangle the jelly!!
You kill the jelly!
Trog accepts your kill. The orc barely misses you.
You mangle the orc!!
You kill the orc!
Trog accepts your kill.
No target in view!
No target in view!
No target in view!
w - a sedimented ruby potion An adder comes into view.
The adder hisses angrily.
Found a scroll of amnesia.
The adder barely misses you.
You mangle the adder!!
You kill the adder!
Trog accepts your kill.
No target in view!
m - 2 pink potions (gained 1)
Things that are here:
a +0 mace; a +0 scale mail; a +0 dagger Menkaure, Prince of Dust comes into view.
Found an escape hatch in the ceiling.
Menkaure casts a spell.
Menkaure seems to speed up.
You start waiting.
Menkaure is nearby!
Menkaure calls on the powers of darkness!
Your body is wracked with pain!
Menkaure hits you!
A red film seems to cover your vision as you go berserk!
You feel yourself moving faster!
You feel mighty! Menkaure hits you!!
* * * LOW HITPOINT WARNING * * *
You barely miss Menkaure. Menkaure hits you!
* * * LOW HITPOINT WARNING * * *
You barely miss Menkaure. Menkaure hits you!
You die...

#.....# #.....# #.....#
M #.....# ..# #.....#
....# ##..####
......######## #..##
..........M..###..#
<..#####..@..)....#####
###............##
###...............#
#.................#
##...<.............##
#...................#
#...................#
##..................#
#..................#


You could see Menkaure (fast).

Vanquished Creatures
  Pikel (D:4)
  Grinder (D:3)
  Sigmund (D:3)
  A sky beast (D:5)
  A black bear (D:5)
  4 ogres
  A phantom (D:4)
  A scorpion (D:5)
  2 howler monkeys (D:5)
  2 orc priests (D:4)
  3 hounds
  A jelly (D:5)
  Natasha (thrice) (D:3)
  2 iguanas (D:5)
  2 orc wizards (D:4)
  5 adders
  A shadow imp (D:5)
  A white imp (D:5)
  A dart slug (D:1)
  12 orcs
  7 endoplasms
  5 giant cockroaches
  5 goblins
  8 hobgoblins
  8 jackals
  2 quokkas
  6 ball pythons
  7 bats
  5 frilled lizards
  6 kobolds
  3 rats
108 creatures vanquished.

Notes
Turn   | Place    | Note
-------+----------+-------------------------------------------
     0 | D:1      | rj54x the Troll Berserker began the quest for the Orb.
     0 | D:1      | Reached XP level 1. HP: 22/22 MP: 0/0
     1 | D:1      | Noticed an electric eel
    78 | D:1      | Reached XP level 2. HP: 29/29 MP: 1/1
   303 | D:1      | Reached skill level 4 in Unarmed Combat
   352 | D:1      | Found Wyakhla's Armour Shoppe.
   513 | D:1      | Reached XP level 3. HP: 36/36 MP: 2/2
   685 | D:1      | Reached ** piety under Trog
   878 | D:2      | Found a faded altar of an unknown god.
   962 | D:2      | Upgraded the game from 0.29-a0-451-gfbfa42419e to
                  | 0.30-a0-222-ge547ba4400
  1235 | D:3      | Identified the +0 buckler "Rihuiqan" {+Blink}
  1270 | D:3      | Reached skill level 5 in Unarmed Combat
  1270 | D:3      | Reached XP level 4. HP: 44/44 MP: 3/3
  1273 | D:3      | Noticed Sigmund
  1284 | D:3      | Killed Sigmund
  1285 | D:3      | Reached skill level 6 in Unarmed Combat
  1285 | D:3      | Reached XP level 5. HP: 50/50 MP: 4/4
  1315 | D:3      | Upgraded the game from 0.30-a0-222-ge547ba4400 to
                  | 0.30-a0-341-g682706514a
  1369 | D:3      | Noticed Grinder
  1377 | D:3      | Paralysed by Grinder for 4 turns
  1383 | D:3      | Killed Grinder
  1384 | D:3      | Reached skill level 7 in Unarmed Combat
  1384 | D:3      | Reached XP level 6. HP: 59/59 MP: 5/5
  1515 | D:3      | Found a shimmering blue altar of Sif Muna.
  1800 | D:3      | Noticed Natasha
  1805 | D:3      | Killed Natasha
  1860 | D:3      | Noticed Natasha
  1862 | D:3      | Killed Natasha
  1916 | D:3      | Noticed Natasha
  1925 | D:3      | Killed Natasha
  1926 | D:3      | Reached skill level 8 in Unarmed Combat
  1926 | D:3      | Reached XP level 7. HP: 56/66 MP: 6/6
  2248 | D:4      | Reached skill level 9 in Unarmed Combat
  2846 | D:5      | Entered Level 5 of the Dungeon
  2873 | D:5      | Noticed Pikel
  2910 | D:4      | Killed Pikel
  2911 | D:4      | Reached skill level 10 in Unarmed Combat
  2911 | D:4      | Reached XP level 8. HP: 47/74 MP: 7/7
  2993 | D:5      | Reached skill level 11 in Unarmed Combat
  3031 | D:5      | Reached *** piety under Trog
  3263 | D:5      | Reached skill level 12 in Unarmed Combat
  3300 | D:5      | Reached XP level 9. HP: 80/80 MP: 8/8
  3422 | D:5      | Noticed Menkaure
  3436 | D:5      | Slain by Menkaure

Illustrated notes

Levels and vault maps discovered:
D:1:      arrival_aquarium_a, layout_loops_cross, serial_shops,
          nicolae_shop_behind_doors, minmay_misc_feat_pillars,
          serial_bayou_pond_a, roderic_serpentine_path, hangedman_decor_points
D:2:      layout_rooms, dreamdust_ecumenical_altar_statues
D:3:      layout_rooms, old_standard_altar, uniq_sigmund, uniq_grinder,
          uniq_natasha
D:4:      layout_loops_ring
D:5:      layout_cave_pods, minmay_starry_boxes, uniq_pikel, uniq_menkaure

Skill      XL: |  1  2  3  4  5  6  7  8 |
---------------+-------------------------+-----
Unarmed Combat | 4 5 6 7 8 10 12 | 12.2
Fighting       | |  2.4
Dodging        | |  2.4

Action                   |  1- 3 |  4- 6 |  7- 9 || total
-------------------------+-------+-------+-------++-------
Melee: Unarmed           |   116 |    30 |   127 ||   273
       Punch             |     2 |     1 |     6 ||     9
Invok: Berserk           |       |     3 |     3 ||     6
       Trog's Hand       |       |     1 |     1 ||     2
  Use: Scroll            |     1 |     1 |    10 ||    12
 Stab: Sleeping          |     3 |       |     1 ||     4
Armor: Animal skin       |    30 |     4 |    24 ||    58
Dodge: Dodged            |    45 |     7 |    40 ||    92

Table legend: (Time is in decaauts)
 A = Elapsed time spent in this place.
 B = Non-inter-level travel time spent in this place.
 C = Inter-level travel time spent in this place.
 D = Time resting spent in this place.
 E = Time spent auto-exploring this place.
 F = Levels seen in this place.
 G = Mean time per level.
                   A        B        C        D        E       F      G
               +--------+--------+--------+--------+--------+-----+--------+
         Total |   3455 |   3314 |    141 |    512 |   2065 |   5 |  691.0 |
       Dungeon |   3455 |   3314 |    141 |    512 |   2065 |   5 |  691.0 |
               +--------+--------+--------+--------+--------+-----+--------+

Top non-repeatable levels by time:
     D:4: 966 daAuts
     D:1: 806 daAuts
     D:3: 733 daAuts
     D:5: 530 daAuts
     D:2: 419 daAuts
